 Dungeon Crawl Stone Soup version 0.18.1-2-ga659475 (webtiles) character file.

28903 Implojin the Nimble (level 13, -1/107 HPs)
             Began as a Mummy Monk on May 9, 2016.
             Slain by a warg (9 damage)
             ... on level 11 of the Dungeon.
             The game lasted 02:45:37 (48924 turns).

Implojin the Nimble (Mummy Monk)                   Turns: 48924, Time: 02:45:38

Health: -1/107     AC:  5    Str: 17    XL:     13   Next: 12%
Magic:  13/13      EV: 21    Int:  9    God:
Gold:   876        SH: 10    Dex: 20    Spells: 0 memorised, 12 levels left

rFire  + . .     SeeInvis .       - Unarmed
rCold  x . .     Gourm    .     (no armour)
rNeg   + + +     Faith    .     e - +0 shield
rPois  ∞         Spirit   .     f - +1 hat
rElec  .         Dismiss  .     g - +1 cloak {MR+}
rCorr  .         Reflect  .     r - +0 pair of gloves {Str+3} {wow im really messing up here}
SustAt .         Harm     .     D - +0 pair of boots (curse)
MR     ++...                    (no amulet)
Stlth  +.........               d - ring of fire
                                B - ring of fire

@: contaminated, glowing, very resistant to hostile enchantments, very
unstealthy
A: no food or potions, fire vulnerability, cold resistance 1, negative energy
resistance 3, torment resistance, unbreathing, in touch with death 1, restore
body
a: Self-Restoration


You were on level 11 of the Dungeon.
You were not hungry.

You visited 3 branches of the dungeon, and saw 18 of its levels.
You also visited: Ice Cave.

You collected 1038 gold pieces.
You spent 162 gold pieces at shops.

Inventory:

Hand Weapons
 u - a +0 dagger of distortion
Armour
 e - a +0 shield (worn)
 f - a +1 hat (worn)
 g - a +1 cloak of magic resistance (worn)
 r - a +0 pair of gloves of strength (worn) {wow im really messing up here}
 D - a cursed +0 pair of boots (worn)
Jewellery
 a - an uncursed ring of see invisible
 d - a ring of fire (right hand)
 n - an uncursed ring of stealth
 q - an uncursed amulet of dismissal {unknown}
 s - an uncursed ring of ice
 v - the ring of Cach {*Contam +Fly rElec rC+ SInv, stealth might be better}
   (You found it on level 7 of the Dungeon)

   [ring of see invisible]

   It protects you from cold.
   It insulates you from electricity.
   It lets you see invisible.
   It lets you fly.
   It causes magical contamination when unequipped.
 B - a ring of fire (left hand)
 C - an uncursed ring of protection from cold
 H - an uncursed ring of flight
Wands
 c - a wand of disintegration (13/24)
 j - a wand of digging (7/24)
 A - a wand of flame (23/48)
Scrolls
 b - 3 scrolls of random uselessness
 h - 4 scrolls of immolation
 i - 8 scrolls of remove curse
 k - 2 scrolls of amnesia
 o - 3 scrolls of noise
 p - 3 scrolls of fog
 t - 4 scrolls of enchant weapon
 w - 4 scrolls of brand weapon
 E - a scroll of recharging
 F - a scroll of magic mapping {unknown}
Books
 x - a book of Battle

   Spells                             Type                      Level
   a - Infusion                       Charms                       1
   b - Shroud of Golubria             Charms/Translocation         2
   c - Song of Slaying                Charms                       2
   d - Spectral Weapon                Hexes/Charms                 3
   e - Regeneration                   Charms/Necromancy            3
 y - a book of Envenomations

   Spells                             Type                      Level
   a - Spider Form                    Transmutation/Poison         3
   b - Olgreb's Toxic Radiance        Poison                       4
   c - Alistair's Intoxication        Transmutation/Poison         5
   d - Poisonous Cloud                Conjuration/Poison/Air       6
Comestibles
 l - 2 royal jellies
 z - 11 bread rations (quivered)
 I - 2 meat rations


   Skills:
 * Level 11.6 Fighting
 - Level 11.7 Dodging
 - Level 1.5 Stealth
 - Level 5.1 Shields
 - Level 11.0 Unarmed Combat


You had 12 spell levels left.
You didn't know any spells.

Dungeon Overview and Level Annotations

Branches:
Dungeon (11/15)            Temple (0/1) D:5            Lair (5/8) D:8
    Orc (2/2) D:10
  Swamp: Lair:3-6    Shoals: Lair:3-6     Snake: Lair:3-6    Spider: Lair:3-6
    Elf: Orc:2

Altars:
Cheibriados
Elyvilon
Gozag
Kikubaaqudgha
Makhleb
Ru
Sif Muna
Trog
Vehumet

Shops:
D:4 (   D:6 *   D:9 %

Annotations:
D:3 !ice dragon wandering watch the fuck out
D:5 exclusion: downstairs
D:7 !bee pack wandering CARE, exclusions: 2 downstairs and upstairs
D:8 !polar bear wandering by stairs care
D:9 !hill giant staircamping care
D:10 !bee pack CARE, + hill giant wandering, exclusions: 3 downstairs and 8 more exclusions, Maud
D:11 !player ghost by stairs (DrCj), care, ProzacElf's ghost, journeyman DrCj
Lair:2 !hydra staircamping CARE, exclusion: downstairs
Lair:3 !this floor is a shitshow just don't, exclusions: downstairs and upstairs
Lair:4 !hydra staircamping, at LEAST +1 hydra wandering, exclusions: 2 downstairs and upstairs
Lair:5 !8h hydra near waterstairs, fire crab near other stairs CARE
Orc:2 !stone giant staircamping the orc:2 stairs, watch it


Innate Abilities, Weirdness & Mutations

You do not eat or drink.
Your flesh is vulnerable to fire.
You are immune to poison.
Your flesh is cold resistant.
You are immune to negative energy.
You are immune to unholy pain and torment.
You can survive without breathing.
You are in touch with the powers of death.
You can restore your body by infusing magical energy.


Message History

Some deep water.
There is a cloud of steam here.
Press: ? - help, v - describe, . - travel
Here: a warg (inner flame)
The floor, spattered with blood.
You enter the shallow water.
Moving in this stuff is going to be slow.
You block the warg's attack. The warg bites you!
* * * LOW HITPOINT WARNING * * *
A warg comes into view.
Unknown command.
Read which item? (? for menu, Esc to quit)
Okay, then.
Read which item? (? for menu, Esc to quit)
Okay, then.
Read which item? (? for menu, Esc to quit)
Okay, then.
Read which item? (? for menu, Esc to quit)
Okay, then.
Read which item? (? for menu, Esc to quit)
Okay, then.
Press: ? - help, v - describe, . - travel Some shallow water.
There is a cloud of flame here.
You block the warg's attack.
You punch the warg!
The warg is lightly wounded.
The warg misses you. The warg bites you!
* * * LOW HITPOINT WARNING * * *
Read which item? (? for menu, Esc to quit)
Okay, then.
You punch the warg!
The warg is heavily wounded.
You block the warg's attack. The warg closely misses you.
You block the warg's attack. x2
You punch the warg!
The warg is severely wounded.
The warg completely misses you. The warg bites you!
You die...

#.≈≈≈. #.≈≈≈. #.≈≈≈.
#.≈≈≈. #.≈≈≈. #.#.≈≈≈.
#'###≈≈.
#################...#≈≈P
.......@h...§§§§#ooo#≈≈.
≈≈≈≈≈≈≈h≈≈≈≈§§§§#####≈≈.
≈≈≈≈≈≈≈≈≈≈≈≈§≈§≈§≈≈≈≈≈≈.
≈≈≈≈≈≈%%≈≈%%≈≈≈≈≈≈≈≈≈≈≈.
........P.......%.....P.
........%.P.............
########################


You could see 2 wargs.

Vanquished Creatures
  Sonja (D:10)
  A hill giant (D:9)
  Pikel (D:5)
  A black mamba (Lair:3)
  4 spiny frogs
  3 komodo dragons
  A polar bear (Lair:4)
  A two-headed ogre (D:11)
  2 trolls
  7 blink frogs
  Grinder (D:6)
  Sigmund (D:5)
  A spriggan (D:8)
  A vampire (D:10)
  47 yaks
  A wraith (D:10)
  A hungry ghost (D:9)
  Eustachio (D:4)
  A basilisk (Lair:3)
  9 hippogriffs
  6 wargs (D:11)
  Edmund (D:4)
  8 porcupines
  5 water moccasins
  7 ice beasts
  4 slaves (D:5)
  2 orc warriors
  A necrophage (D:8)
  3 sky beasts
  7 black bears (Lair:3)
  7 ogres
  2 phantoms
  4 centaurs
  17 wolves
  6 crocodiles
  A big kobold (D:9)
  Blork the orc (D:4)
  20 giant frogs
  A water moccasin zombie (D:8)
  A gnoll sergeant (D:7)
  A wyvern skeleton (D:8)
  5 scorpions
  13 killer bees
  20 wights
  2 electric eels (Lair:2)
  3 howler monkeys
  6 crimson imps
  A giant frog zombie (D:7)
  3 centaur zombies
  A quasit (D:10)
  12 orc priests
  7 hounds
  A gnoll shaman (D:9)
  Crazy Yiuf (D:6)
  3 jellies
  22 orc wizards
  A centaur skeleton (D:10)
  9 iguanas
  12 worker ants
  2 killer bee zombies
  4 sheep (Lair:4)
  2 hound skeletons
  A howler monkey zombie (D:9)
  A worker ant zombie (D:11)
  15 gnolls
  3 howler monkey skeletons
  16 adders
  38 river rats
  2 shadow imps
  3 adder skeletons
  3 worms
  3 dart slugs
  8 giant geckos
  61 orcs
  6 giant cockroaches
  10 goblins
  6 hobgoblins
  7 jackals
  7 quokkas
  4 ball pythons
  6 bats
  A giant gecko zombie (D:5)
  6 giant newts
  A jackal skeleton (D:6)
  A jackal zombie (D:6)
  10 kobolds
  A quokka zombie (D:5)
  9 rats
  A butterfly (Lair:2)
551 creatures vanquished.

Vanquished Creatures (collateral kills)
  A polar bear (Lair:3)
1 creature vanquished.

Vanquished Creatures (others)
  An orc warrior (D:11)
  2 bushes
  27 fungi
  13 plants
43 creatures vanquished.

Grand Total: 595 creatures vanquished

Notes
Turn   | Place    | Note
--------------------------------------------------------------
     0 | D:1      | Implojin the Mummy Monk began the quest for the Orb.
     0 | D:1      | Reached XP level 1. HP: 18/18 MP: 1/1
   489 | D:1      | Reached XP level 2. HP: 16/24 MP: 2/2
  1259 | D:1      | Reached skill level 4 in Unarmed Combat
  1690 | D:1      | Reached XP level 3. HP: 28/29 MP: 3/3
  2469 | D:2      | Found a sacrificial altar of Ru.
  3166 | D:2      | Found a white marble altar of Elyvilon.
  3824 | D:3      | Reached XP level 4. HP: 26/35 MP: 4/4
  4049 | D:3      | Found a glowing drain.
  4547 | D:3      | Reached skill level 5 in Unarmed Combat
  5155 | D:3      | Reached XP level 5. HP: 37/41 MP: 5/5
  6180 | D:4      | Noticed Eustachio
  6224 | D:4      | Found Qadeuz's Antique Weapon Shop.
  6293 | D:3      | Reached skill level 6 in Unarmed Combat
  6293 | D:3      | Reached XP level 6. HP: 28/47 MP: 6/6
  6518 | D:4      | Noticed an ice beast
  7083 | D:4      | Noticed Blork the orc
  8109 | D:4      | Found a deep blue altar of Sif Muna.
  8217 | D:5      | Entered Level 5 of the Dungeon
  8238 | D:5      | Found an ancient bone altar of Kikubaaqudgha.
  8409 | D:5      | Noticed a slave
  8578 | D:5      | Noticed Sigmund
  9206 | D:3      | Killed an ice beast
  9206 | D:3      | Reached skill level 7 in Unarmed Combat
  9554 | D:3      | Reached XP level 7. HP: 53/53 MP: 7/7
  9689 | D:4      | Found a snail-covered altar of Cheibriados.
  9731 | D:6      | Found Lekiq's Assorted Antiques.
  9744 | D:6      | Reached skill level 4 in Fighting
  9814 | D:6      | Bought a scroll of identify for 54 gold pieces
  9814 | D:6      | Bought a scroll labeled ZOPNOI NUGEMMI for 27 gold pieces
  9815 | D:6      | Bought a scroll of teleportation for 81 gold pieces
 10200 | D:6      | You fall through a shaft for 2 floors!
 10622 | D:6      | Noticed Crazy Yiuf
 10629 | D:6      | Killed Crazy Yiuf
 10629 | D:6      | Reached skill level 5 in Fighting
 10784 | D:6      | dang
 11376 | D:6      | Found an opulent altar of Gozag.
 11411 | D:6      | Found a bloodstained altar of Trog.
 11436 | D:6      | Reached skill level 6 in Fighting
 11620 | D:6      | Found a burning altar of Makhleb.
 11946 | D:6      | Reached XP level 8. HP: 40/64 MP: 8/8
 12126 | D:6      | Noticed Grinder
 12232 | D:5      | Found a staircase to the Ecumenical Temple.
 12306 | D:5      | Noticed Edmund
 12376 | D:4      | wtffffffffffff
 12990 | D:4      | Reached skill level 3 in Dodging
 13051 | D:4      | Killed Edmund
 13154 | D:4      | :potion
 13559 | D:6      | Reached skill level 4 in Dodging
 14299 | D:6      | Reached skill level 5 in Dodging
 15201 | D:6      | shit
 15213 | D:6      | Killed Grinder
 15213 | D:6      | Reached skill level 7 in Fighting
 16146 | D:6      | Reached XP level 9. HP: 44/72 MP: 9/9
 16435 | D:7      | Got a faintly glowing tin ring
 16437 | D:7      | Identified the ring of Cach {*Contam +Fly rElec rC+ SInv} (You found it on level 7 of the Dungeon)
 16438 | D:7      | hmm
 16755 | D:7      | Reached skill level 8 in Fighting
 17428 | D:7      | Reached skill level 9 in Fighting
 18601 | D:8      | Found a staircase to the Lair.
 18622 | D:8      | Reached skill level 8 in Unarmed Combat
 18877 | D:8      | Found a snail-covered altar of Cheibriados.
 19664 | D:8      | Reached skill level 9 in Unarmed Combat
 20122 | D:8      | Reached XP level 10. HP: 77/83 MP: 10/10
 20427 | D:8      | Reached skill level 6 in Dodging
 21330 | D:9      | Found Fiduf's Food Shop.
 22338 | D:8      | Found a staircase to the Lair.
 22658 | D:8      | Reached skill level 7 in Dodging
 23356 | D:8      | Found a snail-covered altar of Cheibriados.
 25298 | D:9      | Reached skill level 10 in Unarmed Combat
 25719 | D:9      | Found a bloodstained altar of Trog.
 25780 | D:10     | Entered Level 10 of the Dungeon
 26164 | D:10     | Noticed Maud
 27005 | D:10     | Found a staircase to the Orcish Mines.
 27403 | D:10     | Reached XP level 11. HP: 68/89 MP: 11/11
 27504 | D:10     | Reached skill level 11 in Unarmed Combat
 28369 | D:10     | Noticed a hill giant
 28597 | D:10     | k
 29009 | D:5      | Killed Sigmund
 29060 | D:5      | Noticed Pikel
 29111 | D:5      | Killed Pikel
 29389 | D:4      | Killed Blork the orc
 29389 | D:4      | Reached skill level 10 in Fighting
 29473 | D:4      | Found Qadeuz's Antique Weapon Shop.
 29537 | D:4      | Killed Eustachio
 30128 | D:3      | Noticed an ice dragon
 30128 | D:3      | okay maybe i spent too many turns on this floor
 30992 | D:8      | wow im fuckign this up pretty bad
 30992 | D:8      | time to take a break if i live
 31562 | Lair:1   | Entered Level 1 of the Lair of Beasts
 32776 | Lair:1   | Reached skill level 11 in Fighting
 32916 | Lair:1   | Reached skill level 1 in Shields
 33311 | Lair:1   | Reached skill level 2 in Shields
 34471 | Lair:1   | Reached skill level 3 in Shields
 35642 | Lair:2   | Reached skill level 4 in Shields
 35650 | Lair:2   | Noticed an eight-headed hydra
 36433 | Lair:2   | Reached skill level 5 in Shields
 37690 | Lair:3   | Reached skill level 8 in Dodging
 37690 | Lair:3   | Reached XP level 12. HP: 89/100 MP: 12/12
 38034 | Lair:3   | Noticed a seven-headed hydra
 38316 | Lair:3   | HP: 4/100 [polar bear (14)]
 38849 | Lair:3   | fucking gila monsters
 39633 | Lair:3   | asdfghjkl
 39637 | Lair:3   | these polar bears are a nuisance
 39990 | Lair:3   | shit
 40517 | D:10     | Noticed Sonja
 40538 | D:10     | Killed Sonja
 40538 | D:10     | Reached skill level 9 in Dodging
 40707 | D:11     | Noticed ProzacElf's ghost (journeyman DrCj)
 40736 | D:11     | Found a radiant altar of Vehumet.
 41728 | D:11     | shit
 42098 | Orc:1    | Entered Level 1 of the Orcish Mines
 42126 | Orc:1    | yeah
 42126 | Orc:1    | a break is probably a good idea
 42179 | Orc:2    | Entered Level 2 of the Orcish Mines
 42246 | Orc:1    | Found a frozen archway.
 42259 | Orc:1    | Noticed a stone giant
 42270 | IceCv    | Entered an ice cave
 42380 | IceCv    | Reached skill level 10 in Dodging
 42611 | IceCv    | welp
 42774 | Orc:1    | come on
 43876 | Lair:3   | Noticed a seven-headed hydra
 44299 | Lair:3   | where the fuck are my >
 44407 | Lair:4   | Reached skill level 11 in Dodging
 44661 | Lair:4   | Noticed a five-headed hydra
 44949 | Lair:4   | crawl pls
 44980 | Lair:4   | watch this thing doubleturn right here
 45033 | Lair:4   | Noticed an eight-headed hydra
 45034 | Lair:4   | reallyyyyyyyyyyyyyyyyy
 46210 | Lair:5   | Noticed an eight-headed hydra
 46571 | Lair:4   | you know what fuck it
 46571 | Lair:4   | im fighting this polar bear
 46571 | Lair:4   | even if it kills me
 46571 | Lair:4   | congratlations crawl you have broken my will to continue kiting
 46879 | Lair:5   | NOUP
 47676 | D:10     | Gained mutation: You are in touch with the powers of death. [Mummy growth]
 47676 | D:10     | Gained mutation: You can restore your body by infusing magical energy. [Mummy growth]
 47676 | D:10     | Reached XP level 13. HP: 93/106 MP: 13/13
 48912 | D:11     | ha ha ha
 48912 | D:11     | ha
 48912 | D:11     | hahaha
 48912 | D:11     | all of that lair
 48912 | D:11     | to die to orc castle in d11
 48912 | D:11     | okay
 48912 | D:11     | should have been done when i said so earlier
 48912 | D:11     | mummy fatigue is real folks
 48924 | D:11     | Slain by a warg

Skill      XL: |  1  2  3  4  5  6  7  8  9 10 11 12 |
---------------+-------------------------------------+-----
Unarmed Combat | 4 5 6 7 9 10 11 | 11.0
Fighting       | 6 7 9 11 | 11.6
Dodging        | 5 7 8 11 | 11.7
Shields        | 5 |  5.1
Stealth        | |  1.5

Action                   |  1- 3 |  4- 6 |  7- 9 | 10-12 | 13-15 || total
-------------------------+-------+-------+-------+-------+-------++-------
Melee: Unarmed           |   146 |   298 |   630 |  1972 |   133 ||  3179
       Punch             |     1 |     5 |    26 |    47 |       ||    79
  Use: Scroll            |     2 |     5 |     6 |    11 |     1 ||    25
 Stab: Sleeping          |     4 |     6 |     6 |     4 |       ||    20
       Distracted        |       |     1 |       |     3 |     1 ||     5
       Fleeing           |       |       |       |     1 |       ||     1
Armor: Skin              |       |    23 |    22 |   140 |     4 ||   189
Dodge: Dodged            |    77 |   173 |   395 |  1198 |    74 ||  1917
Block: Shield            |       |       |       |   553 |    62 ||   615

Table legend:
 A = Turns spent in this place as a percentage of turns spent in the entire game.
 B = Non-inter-level travel turns spent in this place as a percentage of non-inter-level travel turns spent in the entire game.
 C = Inter-level travel turns spent in this place as a percentage of turns spent in this place.
 D = Turns resting spent in this place as a percentage of non-inter-level travel turns spent in this place.
 E = Turns spent auto-exploring this place as a percentage of non-inter-level travel turns spent in this place.
 F = Non-inter-level travel turns spent in this place divided by the number of levels of this place that you've seen.
                   A       B       C       D       E      F
               +-------+-------+-------+-------+-------+----------------------
         Total | 100.0 | 100.0 |   0.3 |   3.0 |   1.2 | 1082.7
       Dungeon |  65.9 |  65.9 |   0.4 |   3.2 |   1.7 | 1231.9
          Lair |  31.4 |  31.5 |   0.1 |   2.5 |   0.2 | 1295.6
  Orcish Mines |   1.9 |   1.9 |   0.0 |   1.0 |   0.0 | 193.0
      Ice Cave |   0.8 |   0.8 |   0.0 |   2.5 |   0.0 | 157.0
               +-------+-------+-------+-------+-------+----------------------

Table legend:
 A = Kills in this place as a percentage of kills in entire the game.
 B = Kills by you in this place as a percentage of kills by you in the entire game.
 C = Kills by friends in this place as a percentage of kills by friends in the entire game.
 D = Other kills in this place as a percentage of other kills in the entire game.
 E = Experience gained in this place as a percentage of experience gained in the entire game.
 F = Experience gained in this place divided by the number of levels of this place that you have seen.
                   A       B       C       D       E      F
               +-------+-------+-------+-------+-------+----------------------
         Total | 100.0 | 100.0 | 100.0 |  -nan | 100.0 | 2173.2
       Dungeon |  70.4 |  70.5 |   0.0 |  -nan |  53.3 | 2000.8
          Lair |  27.1 |  26.9 | 100.0 |  -nan |  44.6 | 3686.2
  Orcish Mines |   2.0 |   2.0 |   0.0 |  -nan |   0.8 | 163.5
      Ice Cave |   0.5 |   0.5 |   0.0 |  -nan |   1.3 | 524.0
               +-------+-------+-------+-------+-------+----------------------
